 Dungeon Crawl Stone Soup version 0.23.1-37-gaa34b87 (webtiles) character file.

Game seed: 4716548433482138322

123 nuthulu the Chopper (level 4, 0/36 HPs)
             Began as a Demonspawn Gladiator on Mar 24, 2019.
             Slain by a goblin
             ... wielding a +1 dagger of electrocution
             ... led by Robin
              (16 damage)
             ... on level 2 of the Dungeon.
             The game lasted 00:03:00 (2369 turns).

nuthulu the Chopper (Demonspawn Gladiator)          Turns: 2369, Time: 00:03:02

Health: 0/36       AC: 11    Str: 15    XL:     4   Next: 80%
Magic:  4/4        EV:  7    Int:  9    God:
Gold:   154        SH:  0    Dex: 15    Spells: 3/3 levels left

rFire    . . .     SeeInvis .   a - +0 war axe
rCold    . . .     Gourm    .   (no shield)
rNeg     . . .     Faith    .   g - +0 chain mail
rPois    .         Spirit   .   c - +0 helmet
rElec    .         Reflect  .   h - +0 cloak
rCorr    .         Harm     .   (no gloves)
MR       .....                  (no boots)
Stlth    ..........             (no amulet)
HPRegen  0.12/turn              (no ring)
MPRegen  0.09/turn              (no ring)

@: no status effects
A: rugged brown scales 1
a: no special abilities


You were on level 2 of the Dungeon.
You were not hungry.

You visited 1 branch of the dungeon, and saw 3 of its levels.

You collected 154 gold pieces.

Inventory:

Hand Weapons
 a - a +0 war axe (weapon)
Missiles
 d - 2 throwing nets (quivered)
Armour
 c - a +0 helmet (worn)
 g - a +0 chain mail (worn)
 h - a +0 cloak (worn)
Wands
 n - a wand of enslavement (10)
Scrolls
 l - a scroll of remove curse
Potions
 e - a potion of flight
 i - a potion of brilliance
 j - a potion of curing {unknown}
 k - 3 potions of ambrosia {unknown}
Comestibles
 b - 3 chunks of flesh
 f - 5 rations


   Skills:
 + Level 3.3 Fighting
 * Level 4.4 Axes
 - Level 1.7 Throwing
 - Level 2.6 Dodging


You had 3 spell levels left.
You didn't know any spells.
Your spell library was empty.

Dungeon Overview and Level Annotations

Branches:
Dungeon (3/15)

Altars:
Gozag
Kikubaaqudgha
Vehumet

Annotations:
D:3 Robin


Innate Abilities, Weirdness & Mutations

You are partially covered in rugged brown scales. (AC +1, +3% HP)


Message History

The quokka bites you but does no damage.
The goblin no longer looks unusually strong.
A goblin comes into view.
There is a stone staircase leading up here.
The hobgoblin shouts!
The goblin shouts!
The quokka barely misses you.
The quokka bites you but does no damage.
You climb upwards.
There is a stone staircase leading down here.
You hit the goblin.
The goblin is heavily wounded.
Your chain mail prevents you from hitting the quokka.
The goblin barely misses you. The quokka closely misses you.
You closely miss the goblin.
The goblin is heavily wounded.
You barely miss the quokka.
The quokka bites you but does no damage.
The goblin hits you but does no damage. The quokka barely misses you.
The goblin hits you but does no damage.
You are electrocuted!
You die...

.##..#...# #...# #.# .###.#...#
#.### ##.# ##### ## #.#...# #.#
#..# ##...## # #.##.####.#
#.####...(.##
#.#...#...#######.# #.......#
###...####......#.# #.......#
######8_8####......#.# #.......#
.....#####.....g...#.###......##
..#### ####...@....##.......##
...[### #....r.............#
#.#...#### #######..###.......#
#.#......##########..# #.......#
#..##................# ##.....##
##.####.#.......###.## #....##
##.####...#####.##..# #.####
##...##...# #....## #.#
####.#..#.## ####.#### #.#


You could see a quokka and a goblin.

Vanquished Creatures
  Crazy Yiuf (D:2)
  A worker ant (D:2)
  2 adders
  An ooze (D:2)
  3 dart slugs
  3 leopard geckos
  4 giant cockroaches
  A goblin (D:1)
  8 hobgoblins
  5 kobolds
  2 quokkas (D:2)
  3 bats (D:1)
  4 frilled lizards
  2 rats (D:1)
40 creatures vanquished.

Vanquished Creatures (others)
  A kobold (D:3)
1 creature vanquished.

Grand Total: 41 creatures vanquished

Notes
Turn   | Place    | Note
-------+----------+-------------------------------------------
     0 | D:1      | nuthulu the Demonspawn Gladiator began the quest for the
                  | Orb.
     0 | D:1      | Reached XP level 1. HP: 16/16 MP: 1/1
   233 | D:1      | Reached skill level 3 in Axes
   256 | D:1      | Gained mutation: You are partially covered in rugged brown
                  | scales. (AC +1, +3% HP) [demonic ancestry]
   256 | D:1      | Reached XP level 2. HP: 16/23 MP: 2/2
  1270 | D:2      | Reached XP level 3. HP: 28/28 MP: 3/3
  1282 | D:2      | Found an ancient bone altar of Kikubaaqudgha.
  1359 | D:2      | Found an opulent altar of Gozag.
  1607 | D:2      | Reached skill level 4 in Axes
  1607 | D:2      | Reached XP level 4. HP: 19/36 MP: 4/4
  1810 | D:2      | Found a faded altar of an unknown god.
  2049 | D:2      | Found a runed translucent door.
  2050 | D:2      | Noticed Crazy Yiuf
  2173 | D:2      | Killed Crazy Yiuf
  2300 | D:3      | Found a radiant altar of Vehumet.
  2335 | D:3      | Noticed Robin
  2369 | D:2      | Slain by a goblin

Skill      XL: |  1  2  3 |
---------------+----------+-----
Axes           | 3 4 |  4.4
Fighting       | 3 |  3.3
Throwing       | |  1.7
Dodging        | |  2.6

Action                   |  1- 3 |  4- 6 || total
-------------------------+-------+-------++-------
Melee: War axe           |   110 |    28 ||   138
Throw: Throwing net      |       |     1 ||     1
  Use: Scroll            |     3 |     1 ||     4
 Stab: Held in net/web   |       |     1 ||     1
  Eat: Chunk             |     2 |     3 ||     5
Armor: Leather armour    |    13 |       ||    13
       Chain mail        |    65 |    29 ||    94
Dodge: Dodged            |    61 |    21 ||    82
